Map: Year Zero LE

Players

Reynor - Winner!

  • Race: Zerg Zerg
  • Spawn Location: 1:00

MaNa

  • Race: Protoss Protoss
  • Spawn Location: 11:00

Event: 2019 WCS Spring

VOD

Have the link to the VOD?

Description

Time

  • Played on: May 17, 2019, 10:18 a.m.
  • Length: 15:00

All games in this series

Show
View Real Time Build Order
Export as new Build Order

Reynor Zerg - Winner!

Build Orders: Hatch First, Lurkers, Roach Hydra 

Get SALT Encoding   

  12  0:00  Drone  
  13  0:13  Overlord  
  13  0:17  Drone  
  14  0:31  Drone x2  
  16  0:49  Hatchery  
  15  0:52  Drone  
  15  0:56  Drone  
  17  1:00  Drone  
  18  1:10  Extractor  
  17  1:15  Spawning Pool  
  16  1:19  Drone  
  16  1:22  Drone  
  18  1:29  Drone  
  19  1:39  Drone  
  20  1:51  Overlord  
  20  2:02  Queen, Zergling x4  
  20  2:03  Queen  
  26  2:11  Drone  
  26  2:12  Drone  
  28  2:15  Metabolic Boost  
  28  2:23  Drone x2  
  30  2:40  Drone  
  30  2:43  Hatchery  
  30  2:45  Drone  
  30  2:46  Drone  
  30  2:51  Overlord  
  32  2:55  Drone  
  32  2:56  Drone  
  34  3:05  Zergling x2  
  35  3:06  Drone  
  35  3:12  Queen  
  36  3:13  Zergling x2  
  36  3:16  Overlord  
  36  3:18  Drone  
  36  3:19  Drone  
  42  3:22  Drone  
  42  3:24  Drone  
  43  3:27  Drone  
  43  3:30  Overlord  
  44  3:35  Drone  
  45  3:43  Spore Crawler  
  45  3:48  Overlord, Drone  
  44  3:49  Drone x2  
  44  3:50  Drone  
  44  3:51  Queen  
  44  3:52  Spore Crawler  
  44  3:54  Drone  
  50  3:56  Zergling x2  
  50  4:02  Drone  
  52  4:03  Drone  
  52  4:07  Drone  
  54  4:14  Overlord  
  54  4:17  Drone x5  
  57  4:20  Overlord  
  57  4:22  Spore Crawler  
  58  4:31  Overlord  
  58  4:35  Drone x4  
  58  4:38  Lair, Extractor  
  61  4:40  Extractor  
  61  4:41  Roach Warren  
  61  4:42  Drone  
  61  4:45  Drone x2  
  62  4:46  Drone  
  62  4:49  Drone x2  
  62  4:52  Queen  
  67  4:54  Drone  
  67  4:57  Overlord  
  67  5:08  Drone x5  
  67  5:13  Evolution Chamber  
  71  5:17  Overlord  
  71  5:22  Roach x8  
  71  5:25  Drone x2  
  71  5:27  Overlord  
  89  5:35  Glial Reconstitution, Overlord x2  
  89  5:36  Extractor  
  89  5:37  Overseer  
  89  5:38  Drone x4  
  89  5:39  Drone  
  93  5:45  Roach x3  
  93  5:46  Roach  
  93  5:49  Queen  
  101  5:55  Overlord  
  103  5:59  Drone x3  
  103  6:02  Extractor  
  104  6:06  Overlord  
  104  6:07  Drone  
  105  6:12  Zerg Missile Weapons Level 1  
  105  6:13  Extractor  
  105  6:14  Hydralisk Den  
  105  6:15  Hatchery, Drone x3  
  105  6:19  Overlord  
  103  6:26  Pneumatized Carapace  
  103  6:30  Drone x3  
  106  6:34  Roach x6  
  106  6:36  Overlord  
  118  6:44  Overlord  
  118  6:46  Roach  
  118  6:47  Roach x5  
  130  6:54  Roach x2  
  130  6:55  Roach  
  130  6:56  Overlord  
  130  6:59  Grooved Spines  
  136  7:05  Overlord  
  136  7:10  Roach x5  
  146  7:16  Overlord  
  146  7:21  Roach x2, Lurker Den  
  149  7:26  Overlord  
  149  7:28  Overseer  
  148  7:33  Drone x8  
  148  7:34  Overlord  
  148  7:36  Hydralisk x2  
  156  7:39  Roach x2  
  164  7:44  Overlord  
  164  7:50  Hydralisk  
  164  7:51  Hydralisk x3  
  166  7:58  Drone x7  
  179  7:59  Overlord  
  179  8:00  Drone  
  180  8:09  Extractor, Drone x3  
  180  8:10  Muscular Augments  
  180  8:11  Extractor  
  181  8:15  Hydralisk x5  
  181  8:18  Hydralisk  
  181  8:23  Queen  
  181  8:24  Drone  
  181  8:25  Drone  
  185  8:27  Hydralisk  
  185  8:28  Hydralisk x2  
  187  8:34  Overlord  
  187  8:35  Hydralisk x3  
  193  8:41  Zerg Missile Weapons Level 2  
  193  8:57  Lurker x3  
  196  9:08  Hydralisk x5  
  190  9:12  Hatchery  
  190  9:14  Infestation Pit  
  186  9:24  Hydralisk x5  
  196  9:39  Lurker  
  196  9:40  Lurker  
  196  9:43  Hydralisk  
  194  9:58  Hive  
  186  10:10  Roach  
  186  10:11  Roach  
  186  10:13  Hydralisk x4  
  186  10:14  Hydralisk x4  
  196  10:23  Hydralisk x3  
  196  10:24  Hydralisk  
  196  10:27  Hydralisk  
  196  10:28  Hydralisk x6  
  190  10:32  Hydralisk x2  
  190  10:33  Zergling x20  
  200  10:36  Hydralisk  
  200  10:39  Hydralisk  
  185  10:44  Hydralisk x3  
  185  10:45  Zergling x14  
  185  10:49  Hydralisk  
  200  11:00  Hydralisk x4  
  200  11:01  Zergling x2  
  200  11:02  Hydralisk, Extractor  
  194  11:04  Extractor  
  194  11:06  Hydralisk  
  194  11:07  Hydralisk, Zergling x2  
  194  11:08  Hydralisk  
  194  11:09  Hydralisk, Zergling x6  
  194  11:10  Zergling x6  
  197  11:16  Lurker  
  192  11:25  Drone x6  
  198  11:27  Spine Crawler  
  198  11:29  Spore Crawler  
  198  11:32  Zerg Missile Weapons Level 3  
  196  11:34  Hatchery  
  199  11:40  Lurker x4  
  181  12:06  Hydralisk x2, Adaptive Talons  
  181  12:07  Hydralisk x10  
  199  12:14  Overseer  
  199  12:15  Hatchery  
  196  12:17  Overseer  
  196  12:21  Drone x4  
  196  12:22  Spire  
  199  12:29  Zergling x2  
  198  13:15  Hydralisk  
  198  13:19  Overlord x4  
  200  13:20  Overseer x3  
  200  13:22  Overseer  
  197  13:38  Hydralisk x11  
  197  13:40  Hydralisk x6  
  198  13:41  Zergling x20  
  198  13:43  Hydralisk x7  
  198  13:44  Zergling x2  
  198  13:46  Hydralisk x4  
  198  13:47  Zergling x4  
  198  13:52  Hydralisk x3  
  198  13:53  Hydralisk x3  
  198  13:56  Hydralisk  
  198  13:57  Zergling x6, Drone  
  192  14:03  Queen  
  192  14:06  Hydralisk x4  
  200  14:10  Extractor  
  200  14:12  Extractor  
  198  14:19  Queen  
  198  14:21  Spore Crawler, Spine Crawler  
  200  14:24  Lurker x2  
  196  14:33  Hydralisk x4  
Show
View Real Time Build Order
Export as new Build Order

MaNa Protoss 

Build Orders: 1 Gate Expand, Oracle Opening, Phoenix Opening, Archon Immortal, Archon Drop 

Get SALT Encoding   

  12  0:00  Probe  
  13  0:12  Probe  
  14  0:20  Pylon  
  14  0:24  Probe  
  15  0:34  Probe  
  15  0:42  Probe  
  16  0:45  Gateway  
  16  0:49  Assimilator  
  17  0:52  Probe  
  18  1:00  Probe  
  18  1:08  Probe  
  20  1:27  Nexus  
  20  1:34  Cybernetics Core  
  20  1:37  Probe  
  21  1:44  Assimilator  
  21  1:49  Probe  
  21  1:54  Pylon  
  22  2:02  Probe  
  22  2:08  Adept  
  23  2:13  Stargate  
  23  2:14  Probe  
  26  2:26  Probe  
  26  2:27  Warp Gate  
  27  2:38  Probe, Adept  
  27  2:40  Probe  
  31  2:49  Phoenix  
  31  2:50  Probe  
  32  2:52  Probe  
  35  3:02  Probe  
  35  3:04  Probe  
  37  3:07  Oracle  
  37  3:10  Gateway  
  37  3:14  Probe  
  37  3:16  Probe  
  42  3:25  Pylon  
  43  3:27  Probe  
  43  3:28  Probe  
  44  3:39  Probe  
  44  3:40  Probe  
  46  3:44  Robotics Facility  
  46  3:46  Assimilator  
  46  3:49  Assimilator  
  46  3:51  Probe  
  46  3:53  Probe  
  46  3:55  Twilight Council  
  48  4:03  Probe  
  48  4:05  Probe  
  50  4:10  Pylon  
  50  4:13  Gateway  
  50  4:15  Probe, Gateway  
  51  4:21  Warp Prism  
  51  4:22  Probe  
  52  4:26  Pylon  
  52  4:27  Probe  
  53  4:35  Probe  
  56  4:38  Templar Archives  
  56  4:45  Pylon  
  56  4:49  Zealot x2  
  60  5:08  Nexus  
  60  5:14  Probe x2  
  60  5:16  Pylon  
  60  5:18  Forge  
  62  5:22  High Templar x2  
  62  5:23  High Templar x2  
  62  5:24  Observer  
  62  5:26  Probe x2, Archon x2  
  72  5:32  Pylon  
  73  5:39  Shield Battery  
  73  5:44  Charge  
  73  5:45  Immortal  
  73  5:48  Probe  
  73  5:49  Probe  
  79  6:03  Probe x2  
  81  6:08  Gateway x2  
  81  6:09  Gateway  
  81  6:13  Gateway  
  81  6:15  Immortal  
  86  6:25  Protoss Ground Weapons Level 1, Probe x2  
  86  6:29  Sentry x2  
  91  6:39  Probe x2  
  93  6:41  Probe  
  93  6:43  Assimilator  
  93  6:46  Assimilator  
  94  6:49  Sentry x2  
  94  6:51  Probe x2  
  94  6:53  Immortal  
  104  7:05  Probe x2  
  106  7:13  Probe  
  107  7:19  Pylon  
  107  7:21  Pylon  
  107  7:25  Psionic Storm  
  107  7:30  Zealot  
  107  7:33  Pylon  
  107  7:36  Immortal  
  109  7:40  High Templar x2  
  109  7:41  Zealot x4  
  125  7:55  High Templar  
  125  8:00  High Templar  
  125  8:04  Pylon  
  125  8:05  Nexus, Pylon  
  125  8:07  Pylon  
  125  8:19  Immortal  
  127  8:24  Zealot  
  127  8:25  Zealot x5  
  139  8:28  Zealot  
  139  8:32  Probe, Pylon  
  139  8:33  Probe  
  139  8:34  Pylon  
  143  8:39  Protoss Ground Weapons Level 2  
  143  8:41  High Templar  
  141  8:42  Photon Cannon  
  141  8:44  Shield Battery  
  141  8:46  Photon Cannon  
  139  8:57  Probe x3  
  139  8:58  Immortal  
  139  8:59  Assimilator  
  139  9:00  High Templar  
  142  9:03  Assimilator  
  136  9:14  Zealot x4  
  136  9:16  Zealot x2  
  136  9:17  Zealot  
  148  9:19  Probe x2  
  150  9:29  Fleet Beacon  
  150  9:34  Protoss Air Weapons Level 1  
  147  9:38  Zealot x2  
  147  9:39  Zealot x2  
  147  9:40  Observer  
  156  9:54  Mothership  
  156  9:57  Zealot x4  
  162  10:00  Zealot x4  
  162  10:19  High Templar x4  
  166  10:22  Observer  
  166  10:23  Zealot x4  
  163  10:33  Archon  
  163  10:34  Archon  
  145  10:36  Immortal  
  141  10:44  High Templar x2  
  141  10:45  High Templar x2  
  149  10:50  Archon  
  149  10:51  Archon  
  137  11:05  Zealot x4  
  137  11:08  Immortal  
  125  11:19  High Templar x4  
  133  11:28  Zealot x4  
  140  11:47  Observer  
  140  11:51  Nexus  
  140  11:53  Zealot x5  
  141  12:04  Zealot  
  141  12:05  Zealot x2  
  131  12:18  Pylon  
  131  12:21  High Templar x4  
  139  12:24  Stargate  
  139  12:29  Stargate  
  139  12:36  Zealot x4  
  153  12:44  Pylon, Carrier  
  153  12:46  Pylon  
  153  12:47  Pylon, Shield Battery  
  153  12:48  Shield Battery  
  151  13:02  Pylon  
  151  13:03  Pylon  
  151  13:05  Pylon  
  147  13:15  Carrier x2  
  144  13:25  Immortal  
  135  13:42  Zealot x8  
  135  13:45  Zealot x2  
  135  13:47  Zealot, Archon  
  135  13:48  Zealot x4  
  130  13:51  Carrier  
  119  14:04  Immortal  
  119  14:07  Pylon  
  115  14:36  Zealot  
  115  14:37  Zealot x7  
Tags
 
Add a new tag
Caveats
  • Supply blocks, unpowered buildings, or Contaminate may cause inaccurate times.
  • Supply counts are checked every 10 seconds.